 Dungeon Crawl Stone Soup version 0.23-a0-650-ga4d50d4 (webtiles) character file.

426048 TheGoonsmith the Tortoise (level 24, -6/169 HPs)
             Began as a Halfling Hunter on Jan 3, 2019.
             Was the Champion of Dithmenos.
             Mangled by Mennas
             ... wielding a +4 trishula of holy wrath
              (11 damage)
             ... on level 4 of the Depths on Jan 4, 2019.
             The game lasted 03:03:55 (62218 turns).

TheGoonsmith the Tortoise (Halfling Hunter)        Turns: 62218, Time: 03:03:55

Health: -6/169     AC: 32    Str: 18    XL:     24   Next: 97%
Magic:  0/32       EV: 27    Int: 17    God:    Dithmenos [******]
Gold:   1122       SH: 18    Dex: 22    Spells: 18/33 levels left

rFire    + . .     SeeInvis +   b - +7 rapier (elec)
rCold    + . .     Gourm    .   T - +3 shield {rC+}
rNeg     . . .     Faith    .   v - +5 ring mail "Itae" {rF+ MR+ Str-5 Int+9}
rPois    .         Spirit   +   u - +2 helmet
rElec    .         Reflect  .   z - +2 cloak
rCorr    .         Harm     .   j - +2 pair of gloves
MR       ++...                  n - +2 pair of boots
Stlth    ++++++....             L - amulet "Umiankou" {Spirit Str+8 Int-3 Slay+2}
HPRegen  0.38/turn              Z - +4 ring of protection
MPRegen  0.23/turn              P - ring of see invisible

@: silenced, drained
A: small, mutation resistance 1
}: 2/15 runes: barnacled, gossamer
a: Renounce Religion


You were on level 4 of the Depths.
You worshipped Dithmenos.
Dithmenos was exalted by your worship.
You were not hungry.

You visited 8 branches of the dungeon, and saw 41 of its levels.
You also visited: Ice Cave and Wizlab.

You collected 4102 gold pieces.
You spent 2980 gold pieces at shops.

Inventory:

Hand Weapons
 a - a +0 fustibalus of venom
 b - a +7 rapier of electrocution (weapon)
 V - a +0 demon blade
Missiles
 Q - 986 stones (quivered)
 W - 475 sling bullets
Armour
 c - a +0 pair of boots of flying
 d - +0 fire dragon scales
 j - a +2 pair of gloves (worn)
 n - a +2 pair of boots (worn)
 p - a +0 pair of boots of stealth
 u - a +2 helmet (worn)
 v - the +5 ring mail "Itae" (worn) {rF+ MR+ Str-5 Int+9}
   (You took it off a skeletal warrior on level 15 of the Dungeon)

   It affects your strength (-5).
   It affects your intelligence (+9).
   It protects you from fire.
   It affects your resistance to hostile enchantments.
 z - a +2 cloak (worn)
 T - a +3 shield of cold resistance (worn)
Jewellery
 G - an uncursed ring of poison resistance
 L - the amulet "Umiankou" (around neck) {Spirit Str+8 Int-3 Slay+2}
   (You bought it in a shop on level 6 of the Dungeon)

   [amulet of guardian spirit]

   It causes incoming damage to be split between your health and magic.
   It affects your strength (+8).
   It affects your intelligence (-3).
   It affects your accuracy and damage with ranged weapons and melee attacks
   (+2).
 M - an uncursed ring of protection from magic
 P - a ring of see invisible (right hand)
 Z - a +4 ring of protection (left hand)
Wands
 y - a wand of digging (18)
 F - a wand of enslavement (15)
 H - a wand of paralysis (9)
 J - a wand of iceblast (26)
 U - a wand of disintegration (10)
Scrolls
 h - 5 scrolls of fear
 r - 17 scrolls of identify
 w - 3 scrolls of magic mapping
 x - 6 scrolls of teleportation
 B - 17 scrolls of remove curse
 C - 2 scrolls of fog
 O - 3 scrolls of blinking
Potions
 e - 7 potions of might
 g - 7 potions of agility
 i - 15 potions of flight
 m - 3 potions of invisibility
 o - 10 potions of curing
 q - 7 potions of haste
 s - 5 potions of berserk rage
 t - 5 potions of cancellation
 E - 6 potions of heal wounds
 R - 2 potions of brilliance
 X - a potion of resistance
Miscellaneous
 k - 7 boxes of beasts
 l - a lamp of fire (inert)
 I - 2 phantom mirrors
 K - a lightning rod (4/4)
 S - a sack of spiders
Comestibles
 f - 79 rations


   Skills:
 - Level 15.0(14.8) Fighting
 - Level 14.0(16.0) Short Blades
 - Level 12.1(13.8) Long Blades
 - Level 14.0(13.8) Slings
 + Level 15.6(15.4) Armour
 + Level 15.5(15.4) Dodging
 - Level 15.0(14.8) Stealth
 - Level 15.0(14.8) Shields
 - Level 5.0(4.8) Spellcasting
 - Level 5.0(4.8) Charms
 - Level 2.0(1.9) Summonings
 - Level 5.0(4.8) Translocations
 - Level 3.0(2.9) Air Magic
 - Level 9.0(8.9) Invocations
 - Level 13.0(12.8) Evocations


You had 18 spell levels left.
You knew the following spells:

 Your Spells              Type           Power        Failure   Level  Hunger
a - Swiftness             Chrm/Air       ###.....     12%         2    #......
b - Deflect Missiles      Chrm/Air       ###.......   100%        6    #######
c - Portal Projectile     Hex/Tloc       ##....       38%         3    ###....
d - Summon Butterflies    Summ           ##......     17%         1    None
e - Gell's Gravitas       Tloc           ###.......   16%         3    ###....

Your spell library contained the following spells:

 Spells                   Type           Power        Failure   Level  Hunger
 Apportation              Tloc           ###...       4%          1    None
 Blink                    Tloc           N/A          8%          2    #......
 Summon Small Mammal      Summ           ##..         17%         1    None
 Shock                    Conj/Air       #...         21%         1    None
 Call Imp                 Summ           ##......     26%         2    #......
 Poisonous Vapours        Pois/Air       #.....       30%         2    #......
 Animate Skeleton         Necr           N/A          36%         1    None
 Beastly Appendage        Tmut           #.....       36%         1    None
 Confusing Touch          Hex            #.....       36%         1    None
 Corona                   Hex            #......      36%         1    None
 Flame Tongue             Conj/Fire      #....        36%         1    None
 Magic Dart               Conj           #...         36%         1    None
 Sting                    Conj/Pois      #...         36%         1    None
 Call Canine Familiar     Summ           ##......     45%         3    ###....
 Corpse Rot               Necr           N/A          50%         2    #......
 Ensorcelled Hibernation  Hex/Ice        #.....       50%         2    #......
 Slow                     Hex            #.......     50%         2    #......
 Sticks to Snakes         Tmut           #.......     50%         2    #......
 Sublimation of Blood     Necr           #.........   50%         2    #......
 Static Discharge         Conj/Air       #.......     52%         3    ###....
 Mephitic Cloud           Conj/Pois/Air  #.......     58%         3    ###....
 Confuse                  Hex            #.......     75%         3    ###....
 Conjure Flame            Conj/Fire      #.......     75%         3    ###....
 Ignite Poison            Fire/Tmut/Pois #.......     75%         3    ###....
 Inner Flame              Hex/Fire       #.......     75%         3    ###....
 Spider Form              Tmut/Pois      #.........   75%         3    ###....
 Airstrike                Air            ##........   75%         4    ####...
 Summon Ice Beast         Ice/Summ       #.......     94%         4    ####...
 Cause Fear               Hex            #.........   98%         4    ####...
 Ice Form                 Ice/Tmut       #.......     98%         4    ####...
 Leda's Liquefaction      Hex/Erth       #.........   98%         4    ####...
 Olgreb's Toxic Radiance  Pois           #.......     98%         4    ####...
 Petrify                  Tmut/Erth      #.......     98%         4    ####...
 Iskenderun's Battlesphe  Conj/Chrm      ##......     98%         5    ######.
 Lightning Bolt           Conj/Air       #.........   99%         5    ######.
 Silence                  Hex/Air        #.........   99%         5    ######.
 Alistair's Intoxication  Tmut/Pois      #.......     100%        5    ######.
 Blade Hands              Tmut           #.........   100%        5    ######.
 Bolt of Magma            Conj/Fire/Erth #.........   100%        5    ######.
 Borgnjor's Vile Clutch   Necr/Erth      #.........   100%        5    ######.
 Irradiate                Conj/Tmut      #.........   100%        5    ######.
 Metabolic Englaciation   Hex/Ice        #.........   100%        5    ######.
 Summon Mana Viper        Hex/Summ       #.......     100%        5    ######.
 Venom Bolt               Conj/Pois      #.........   100%        5    ######.
 Yara's Violent Unravell  Hex/Tmut       #.........   100%        5    ######.
 Bolt of Fire             Conj/Fire      #.........   100%        6    #######
 Darkness                 Hex            #.........   100%        6    #######
 Freezing Cloud           Conj/Ice/Air   #.........   100%        6    #######
 Iron Shot                Conj/Erth      #.........   100%        6    #######
 Shadow Creatures         Summ           N/A          100%        6    #######
 Statue Form              Tmut/Erth      #........    100%        6    #######
 Dragon Form              Tmut           #.........   100%        7    #######
 Orb of Destruction       Conj           #.........   100%        7    #######
 Ring of Flames           Chrm/Fire      ##........   100%        7    #######
 Spellforged Servitor     Conj/Summ      #.........   100%        7    #######
 Summon Hydra             Summ           ##........   100%        7    #######
 Discord                  Hex            #.........   100%        8    #######
 Dragon's Call            Summ           ##........   100%        9    #######
 Shatter                  Erth           #.........   100%        9    #######


Dungeon Overview and Level Annotations

Branches:
Dungeon (15/15)            Temple (1/1) D:4            Lair (6/6) D:8
 Shoals (4/4) Lair:4       Spider (4/4) Lair:2        Slime (0/5) Lair:6
    Orc (2/2) D:12            Elf (0/3) Orc:2        Vaults (4/5) D:13
  Crypt (0/3) Vaults:3     Depths (5/5) D:15            Zot (0/5) Depths:5

Altars:
Ashenzari
Cheibriados
Dithmenos
Elyvilon
Gozag
Hepliaklqana
Kikubaaqudgha
Nemelex Xobeh
Okawaru
Qazlal
Ru
Sif Muna
Trog
Uskayaw
Vehumet
Wu Jian
Xom
Yredelemnul
Zin
The Shining One
Beogh
Jiyva

Shops:
D:6 =   Orc:2 %}}?   Shoals:2 ?   Vaults:1 }   Vaults:4 (   Depths:4 *

Portals:
Hell: Depths:1 Depths:2 Depths:3 Depths:5
Abyss: Depths:1 Depths:4
Pandemonium: Depths:1 Depths:3
Ziggurat: Depths:5

Annotations:
Shoals:3 1 runed door
Vaults:1 3 runed doors
Depths:4 Mennas


Innate Abilities, Weirdness & Mutations

You are small and have problems with some larger weapons.
You are somewhat resistant to further mutation.


Message History

Mennas is severely wounded.
Your shadow hits Mennas but does no damage.
You block Mennas's attack. x2
You puncture Mennas!
Mennas is almost dead.
You block Mennas's attack. x2
Evoke which item? (* to show all) (? for menu, Esc to quit)
Okay, then.
Mennas blocks your attack.
Mennas is almost dead.
Evoke which item? (* to show all) (? for menu, Esc to quit)
You open the lid... ...and a mature weirdfire beast leaps out!
Mennas hits you with a +4 trishula of holy wrath!
* * * LOW HITPOINT WARNING * * *
Mennas hits you with a +4 trishula of holy wrath!
* * * LOW HITPOINT WARNING * * *
Mennas closely misses you.
Mennas hits you with a +4 trishula of holy wrath!
You die...

#.# #.# #.# .#
###.#####.#####.######.#
............)>[........#
[.[......#######.......#
[[.......# #.......#
[?.......# #.......#
......!..# #§§§.^..#
.........# #§§§....#
.........# #@H§....#
.........# #A#####.#
..######.# #§# .# ... .#
#.# #.. ..# #.# #.# #.#


You could see Mennas and a friendly mature weirdfire beast.

Vanquished Creatures
  3 juggernauts
  Margery (Depths:1)
  2 golden dragons
  Arachne (Spider:2)
  Nikola (Spider:1)
  A bone dragon (Depths:5)
  A tentacled monstrosity (Vaults:1)
  2 titans
  3 liches
  A quicksilver dragon (Depths:5)
  4 sphinxes
  Frances (Spider:1)
  Kirke (D:14)
  A draconian monk (Depths:5)
  3 storm dragons
  3 tengu reavers
  Agnes (D:14)
  Ilsuiw (Shoals:2)
  6 frost giants
  8 fire giants
  2 draconian shifters (Depths:5)
  2 deep elf sorcerers
  5 vault wardens
  6 emperor scorpions
  4 ghost moths
  A cacodemon (Vaults:1)
  3 spriggan defenders
  6 ironheart preservers
  2 vampire knights
  9 stone giants
  3 entropy weavers
  4 very ugly things (Depths:2)
  A white draconian (IceCv)
  A green draconian (Depths:5)
  A deep elf demonologist (Depths:2)
  A black draconian (Depths:5)
  Azrael (Orc:2)
  3 purple draconians (Depths:5)
  A green death (Depths:1)
  Snorg (Orc:2)
  9 ettins
  5 spark wasps
  5 merfolk javelineers
  A deep elf death mage (Vaults:2)
  8 merfolk impalers
  8 fire dragons
  Erolcha (Orc:2)
  The ghost of LeafLetters the Earth Mage, a journeyman GrEE of Vehumet (D:11)
  14 yaktaur captains
  4 great orbs of eyes
  A great orb of eyes (shapeshifter) (Vaults:3)
  2 rakshasas
  2 jiangshi (Depths:4)
  The ghost of RandyMax the Thaumaturge, a journeyman SpCj of Ashenzari (Lair:5)
  7 hydras
  11 ice dragons
  2 alligator snapping turtles (Shoals:4)
  A merfolk avatar (Shoals:4)
  5 spriggan air magi
  2 satyrs (Shoals:4)
  18 two-headed ogres
  8 centaur warriors
  6 merfolk aquamancers (Shoals:4)
  The ghost of Omgbro the Cleaver, a novice MiFi (D:7)
  7 ogre magi
  A death knight (Vaults:1)
  2 vampire magi
  7 orc high priests (Orc:2)
  9 tengu warriors
  3 deep troll shamans
  7 deep troll earth magi
  6 spriggan berserkers
  10 deep elf knights
  A shadow wraith (Vaults:2)
  A titan skeleton (Depths:1)
  9 skeletal warriors
  An iron troll (Depths:3)
  9 hell knights
  7 glowing orange brains
  2 death drakes (shapeshifter)
  15 sea snakes
  22 deep trolls
  4 wizards
  4 unseen horrors
  12 ironbrand convokers
  2 phantasmal warriors (Vaults:3)
  9 orc knights
  A wolf spider zombie (D:15)
  21 orb spiders
  9 necromancers
  2 deep elf archers
  18 ugly things
  8 deep elf magi
  5 harpies
  12 fauns
  An oklob plant (Shoals:4)
  An orc sorcerer (Orc:1)
  31 wolf spiders
  2 harpies (shapeshifter)
  A fire giant zombie (Depths:1)
  12 manticores
  A tengu skeleton (Vaults:4)
  17 cyclopes
  11 elephants
  2 fire giant skeletons
  6 black mambas
  11 vault sentinels
  A guardian serpent (shapeshifter) (Depths:1)
  A moth of wrath (Spider:4)
  7 water nymphs
  2 stone giant skeletons
  2 centaur zombies
  2 gargoyles
  A rust devil (Depths:1)
  12 merfolk sirens
  Psyche (D:9)
  26 spiny frogs
  A spriggan skeleton (Depths:1)
  An ice statue (IceCv)
  A titan simulacrum (Vaults:4)
  A storm dragon simulacrum (Vaults:3)
  A rime drake (Lair:6)
  4 komodo dragons
  34 yaktaurs
  2 efreet
  10 demonic crawlers
  2 freezing wraiths (Vaults:2)
  3 ice devils
  32 jumping spiders
  A queen bee (Lair:2)
  4 tengu conjurers
  2 meliai (shapeshifter) (Depths:2)
  A red devil (Depths:1)
  4 tyrant leeches (Lair:6)
  A troll (shapeshifter) (Vaults:1)
  7 trolls
  17 polar bears
  6 hornets
  6 wind drakes
  27 merfolk
  A polar bear (shapeshifter) (Depths:4)
  A wolf spider simulacrum (D:15)
  42 slime creatures
  7 hippogriffs
  2 wind drakes (shapeshifter)
  Grinder (D:6)
  A harpy skeleton (D:14)
  18 blink frogs
  9 snapping turtles
  2 hippogriffs (shapeshifter)
  An ettin skeleton (Depths:1)
  28 dream sheep
  An ice dragon skeleton (Depths:1)
  A deep troll skeleton (Depths:1)
  3 shadows
  A spriggan (Depths:3)
  5 wraiths
  35 tarantellas
  A redback (shapeshifter) (Depths:2)
  A tarantella (shapeshifter) (Depths:2)
  70 redbacks
  6 water elementals
  2 wyverns
  45 yaks
  A yak (shapeshifter) (D:13)
  A spriggan (shapeshifter) (Depths:2)
  3 vampires
  2 hogs (D:14)
  4 fire elementals
  A neqoxec (Depths:1)
  2 basilisks
  A chaos spawn (Depths:1)
  A human (shapeshifter) (Vaults:3)
  2 hungry ghosts
  Menkaure (D:6)
  2 steam dragons
  Grum (D:8)
  2 human zombies (Vaults:4)
  13 vampire mosquitoes
  15 wargs
  An acid dragon (D:13)
  A soldier ant (shapeshifter) (Vaults:3)
  14 water moccasins
  A hell hound (Orc:2)
  3 ice beasts (D:7)
  9 porcupines
  An eye of draining (shapeshifter) (Vaults:2)
  5 sky beasts
  2 phantoms
  A spriggan simulacrum (Depths:1)
  28 orc warriors
  2 black bears
  A fire dragon simulacrum (Depths:1)
  19 ogres
  40 wolves
  4 boggarts (Depths:2)
  A crocodile (shapeshifter) (Depths:2)
  18 centaurs
  8 crocodiles
  3 big kobolds
  29 bullfrogs
  A gnoll sergeant (D:11)
  2 human skeletons (Vaults:4)
  3 wyvern skeletons (D:14)
  3 scorpions
  28 killer bees
  13 wights
  5 electric eels
  5 howler monkeys
  17 crimson imps
  2 bullfrog zombies
  6 hounds
  2 quasits
  An iron imp (Depths:1)
  5 jellies
  40 orc priests
  Crazy Yiuf (D:4)
  3 centaur skeletons
  A bullfrog skeleton (D:8)
  2 iguanas
  23 orc wizards
  8 worker ants
  7 centaur simulacra
  A bullfrog simulacrum (D:7)
  A hound zombie (D:10)
  A killer bee simulacrum (D:7)
  9 gnolls
  14 adders
  2 shadow imps (D:8)
  8 white imps
  4 ufetubi
  2 oozes (D:1)
  An adder skeleton (D:4)
  4 worms
  2 adder simulacra (D:7)
  3 dart slugs
  9 leopard geckos
  115 orcs
  3 giant cockroaches
  13 goblins
  13 hobgoblins
  7 jackals
  7 kobolds
  2 quokkas
  A ball python (D:2)
  10 bats
  5 frilled lizards
  A quokka skeleton (D:3)
  6 rats
  A spectral orc (D:2)
1720 creatures vanquished.

Vanquished Creatures (collateral kills)
  Jory (Depths:3)
  A spark wasp (Depths:4)
  A merfolk javelineer (Shoals:2)
  A wolf spider (Spider:4)
  A faun (Shoals:2)
  A jumping spider (Spider:4)
6 creatures vanquished.

Vanquished Creatures (others)
  A black draconian (Depths:5)
  An orb spider (Spider:1)
  A deep elf mage (Vaults:2)
  An elephant (Lair:4)
  A vault sentinel (Vaults:4)
  A demonic crawler (Spider:1)
  A yaktaur (Vaults:4)
  A tarantella (Spider:1)
  3 humans (D:14)
  An orc priest (D:11)
  An orc wizard (Orc:1)
  A gnoll (Orc:2)
  14 fungi
  47 plants
75 creatures vanquished.

Grand Total: 1801 creatures vanquished

Notes
Turn   | Place    | Note
-------+----------+-------------------------------------------
     0 | D:1      | TheGoonsmith the Halfling Hunter began the quest for the
                  | Orb.
     0 | D:1      | Reached XP level 1. HP: 14/14 MP: 1/1
    40 | D:1      | Reached XP level 2. HP: 19/19 MP: 2/2
   334 | D:1      | Reached XP level 3. HP: 24/24 MP: 3/3
   822 | D:2      | Found a shattered altar of Ashenzari.
   985 | D:2      | Reached XP level 4. HP: 21/30 MP: 4/4
  1209 | D:2      | Found a basalt altar of Yredelemnul.
  2155 | D:3      | Reached XP level 5. HP: 27/36 MP: 5/5
  2296 | D:3      | Found a sacrificial altar of Ru.
  3037 | D:4      | Found a staircase to the Ecumenical Temple.
  3046 | Temple   | Entered the Ecumenical Temple
  3087 | Temple   | Became a worshipper of Dithmenos the Shadowed
  3425 | D:4      | Found a runed door.
  3429 | D:4      | Noticed Crazy Yiuf
  3444 | D:4      | Killed Crazy Yiuf
  3444 | D:4      | Reached XP level 6. HP: 22/42 MP: 3/6
  3634 | D:5      | Entered Level 5 of the Dungeon
  3748 | D:5      | Reached skill level 10 in Slings
  3748 | D:5      | Reached XP level 7. HP: 13/46 MP: 7/7
  4202 | D:5      | You fall through a shaft!
  4308 | D:6      | Reached XP level 8. HP: 40/52 MP: 8/8
  4338 | D:6      | Reached * piety under Dithmenos
  4393 | D:5      | Found an ancient bone altar of Kikubaaqudgha.
  4997 | D:6      | Got an ichor-stained buckler
  5044 | D:6      | Identified the +1 buckler of Courage {rPois} (You found it
                  | on level 6 of the Dungeon)
  5103 | D:6      | Reached skill level 1 in Shields
  5299 | D:6      | Noticed Menkaure
  5304 | D:6      | Killed Menkaure
  5486 | D:6      | Noticed Grinder
  5522 | D:6      | Killed Grinder
  5522 | D:6      | Reached skill level 5 in Dodging
  5522 | D:6      | Reached XP level 9. HP: 33/59 MP: 9/9
  5960 | D:6      | Found Ohoimaf's Jewellery Shop.
  6093 | D:7      | Reached skill level 5 in Fighting
  6298 | D:7      | Found a runed gate.
  6298 | D:7      | Found a runed gate.
  6298 | D:7      | Found a runed gate.
  6320 | D:7      | Noticed Omgbro's ghost (novice MiFi)
  6337 | D:7      | Reached skill level 1 in Evocations
  6783 | D:8      | Found a staircase to the Lair.
  7209 | D:8      | Reached skill level 5 in Stealth
  7248 | D:8      | Noticed Grum
  7269 | D:8      | Killed Grum
  7278 | D:8      | Reached ** piety under Dithmenos
  7325 | D:8      | Reached XP level 10. HP: 68/68 MP: 11/11
  7379 | D:8      | Noticed a green ugly thing
  7428 | D:8      | Killed a green ugly thing
  8191 | D:8      | Found a sparkling altar of Nemelex Xobeh.
  8294 | D:8      | Found an opulent altar of Gozag.
  8421 | D:9      | Noticed Psyche
  8433 | D:9      | Killed Psyche
  8531 | D:9      | Got a polished long sword
  8532 | D:9      | Identified the cursed +1 long sword "Weozau" {pain, rPois
                  | Int+3 Dex+4} (You found it on level 9 of the Dungeon)
  8541 | D:9      | Learned a level 2 spell: Swiftness
  8550 | D:9      | Found a deep blue altar of Sif Muna.
  8550 | D:9      | Found a glowing golden altar of the Shining One.
  8714 | D:9      | Got a translucent hunting sling
  8918 | D:9      | Identified the cursed +0 hunting sling of Ohain {flame,
                  | rElec Str+5} (You found it on level 9 of the Dungeon)
  9240 | D:9      | Reached XP level 11. HP: 48/77 MP: 12/12
  9542 | D:10     | Entered Level 10 of the Dungeon
  9623 | D:10     | Reached *** piety under Dithmenos
  9631 | D:10     | Reached skill level 10 in Dodging
 10348 | Lair:1   | Entered Level 1 of the Lair of Beasts
 10428 | Lair:1   | Reached skill level 1 in Charms
 10431 | Lair:1   | Reached skill level 1 in Air Magic
 10533 | Lair:1   | Reached skill level 1 in Spellcasting
 10706 | Lair:1   | Reached skill level 5 in Evocations
 11204 | Lair:2   | Identified Sif Muna's Catalogue of Lethal Weightlessness
 11213 | Lair:2   | Learned a level 6 spell: Deflect Missiles
 11433 | Lair:2   | Reached **** piety under Dithmenos
 11556 | Lair:2   | Reached XP level 12. HP: 51/86 MP: 16/16
 12010 | Lair:2   | Found a hole to the Spider Nest.
 12698 | Lair:3   | Reached skill level 10 in Fighting
 12711 | Lair:3   | Reached skill level 1 in Short Blades
 12992 | Lair:3   | Got a shimmering bone amulet
 13123 | Lair:3   | Identified the amulet of Autumn {Faith +Blink Str+4} (You
                  | found it on level 3 of the Lair of Beasts)
 13220 | Lair:3   | Reached skill level 5 in Short Blades
 14472 | Lair:4   | Reached XP level 13. HP: 64/92 MP: 18/18
 14532 | Lair:4   | Noticed a seven-headed hydra
 14558 | Lair:4   | Killed a seven-headed hydra
 14562 | Lair:4   | Reached ***** piety under Dithmenos
 14831 | Lair:4   | Found a staircase to the Shoals.
 15088 | Lair:4   | Reached skill level 10 in Short Blades
 15582 | Lair:5   | Found a runed door.
 15724 | Lair:5   | Reached skill level 10 in Evocations
 15793 | Lair:5   | Reached skill level 1 in Invocations
 15842 | Lair:5   | Learned a level 3 spell: Portal Projectile
 15904 | Lair:5   | Reached skill level 1 in Armour
 15978 | Lair:5   | Noticed a six-headed hydra
 15985 | Lair:5   | Killed a six-headed hydra
 16370 | D:11     | Found a runed gate.
 16370 | D:11     | Found a runed gate.
 16370 | D:11     | Found a runed gate.
 16372 | D:11     | Noticed LeafLetters's ghost (journeyman GrEE)
 16377 | D:11     | Identified the +2 spear "Acarine's Demise" {drain, +Fly
                  | MP-9 SInv Stlth+}
 16377 | D:11     | Identified the cursed +1 plate armour of Giuses {rF+ Str-2
                  | Slay+2}
 16763 | D:11     | Noticed a six-headed hydra
 16783 | D:11     | Killed a six-headed hydra
 17068 | D:11     | Found a roughly hewn altar of Beogh.
 17438 | D:12     | Found a staircase to the Orcish Mines.
 17683 | D:12     | Reached XP level 14. HP: 99/99 MP: 21/21
 17689 | D:12     | Reached ****** piety under Dithmenos
 18763 | Orc:1    | Entered Level 1 of the Orcish Mines
 18900 | Orc:1    | Reached skill level 5 in Invocations
 19009 | Orc:1    | Found a roughly hewn altar of Beogh.
 19044 | Orc:1    | Reached skill level 5 in Armour
 19371 | Orc:2    | Entered Level 2 of the Orcish Mines
 19540 | Orc:2    | Noticed Erolcha
 19565 | Orc:2    | Killed Erolcha
 19639 | Orc:2    | Noticed Azrael
 19737 | Orc:2    | Found a roughly hewn altar of Beogh.
 19909 | Orc:2    | Killed Azrael
 20232 | Orc:2    | Found Texy's Gadget Shop.
 20232 | Orc:2    | Found Reoluver's Food Emporium.
 20500 | Orc:2    | Found Vumoimn's Magic Scroll Shop.
 20500 | Orc:2    | Found Timoo's Gadget Emporium.
 20530 | Orc:2    | Bought a scroll of teleportation for 54 gold pieces
 20576 | Orc:2    | Noticed Snorg
 20795 | Orc:2    | Killed Snorg
 21024 | Orc:2    | Found a staircase to the Elven Halls.
 21727 | D:6      | Bought the amulet "Umiankou" {Spirit Str+8 Int-3 Slay+2}
                  | for 670 gold pieces
 21969 | Orc:2    | Bought a lightning rod (4/4) for 480 gold pieces
 21969 | Orc:2    | Bought a lamp of fire for 480 gold pieces
 21969 | Orc:2    | Bought a box of beasts for 240 gold pieces
 22621 | Lair:5   | Noticed RandyMax's ghost (journeyman SpCj)
 22653 | Lair:6   | Entered Level 6 of the Lair of Beasts
 22802 | Lair:6   | Reached XP level 15. HP: 92/106 MP: 21/23
 23085 | Lair:6   | Found a staircase to the Slime Pits.
 23085 | Lair:6   | Found a viscous altar of Jiyva.
 23890 | Lair:6   | Reached skill level 10 in Stealth
 23942 | Lair:6   | Learned a level 1 spell: Summon Butterflies
 23949 | Lair:6   | Learned a level 6 spell: Shadow Creatures
 24404 | D:7      | Killed Omgbro's ghost
 24413 | D:7      | Got the ring of Winter {Fire}
 24419 | D:7      | Identified the ring of Winter {Fire rElec MP-9 Dex+2
                  | Stlth+} (You found it on level 7 of the Dungeon)
 24673 | Orc:2    | Bought a box of beasts for 300 gold pieces
 24832 | D:11     | Killed LeafLetters's ghost
 25055 | Lair:1   | Learned a level 3 spell: Gell's Gravitas
 25272 | D:13     | You fall through a shaft for 2 floors!
 25272 | D:15     | Entered Level 15 of the Dungeon
 25390 | D:15     | Found a frozen archway.
 25438 | IceCv    | Entered an ice cave
 25899 | IceCv    | Reached skill level 1 in Translocations
 26045 | IceCv    | Reached XP level 16. HP: 111/112 MP: 24/24
 26408 | D:14     | Noticed Kirke
 26503 | D:14     | Noticed a sphinx
 26504 | D:14     | Killed Kirke
 26573 | D:14     | Found a glowing silver altar of Zin.
 26820 | D:13     | Found a gate to the Vaults.
 26916 | D:13     | Reached skill level 5 in Translocations
 27043 | D:13     | Reached skill level 5 in Shields
 27504 | D:14     | Noticed Agnes
 27555 | D:14     | Killed Agnes
 27713 | D:14     | Reached skill level 5 in Spellcasting
 28386 | D:15     | Found a snail-covered altar of Cheibriados.
 28780 | D:15     | Identified the +5 ring mail "Itae" {rF+ MR+ Str-5 Int+9}
 28944 | D:15     | Reached skill level 10 in Shields
 28967 | D:15     | Found a staircase to the Depths.
 29632 | Lair:5   | Killed RandyMax's ghost
 29787 | Spider:1 | Entered Level 1 of the Spider Nest
 29798 | Spider:1 | Reached XP level 17. HP: 111/117 MP: 23/25
 30624 | Spider:1 | Noticed Frances
 30629 | Spider:1 | Killed Frances
 30671 | Spider:1 | Noticed Nikola
 30705 | Spider:1 | Killed Nikola
 31412 | Spider:2 | Noticed Arachne
 31444 | Spider:2 | Killed Arachne
 31707 | Spider:2 | Paralysed by a hornet for 3 turns
 32546 | Spider:3 | Reached XP level 18. HP: 98/124 MP: 21/26
 33807 | Spider:4 | Entered Level 4 of the Spider Nest
 35454 | Spider:4 | Reached skill level 15 in Shields
 35627 | Spider:4 | Got a gossamer rune of Zot
 36467 | Shoals:1 | Entered Level 1 of the Shoals
 36929 | Orc:2    | Bought a box of beasts for 300 gold pieces
 36929 | Orc:2    | Bought a box of beasts for 300 gold pieces
 37284 | Shoals:1 | Reached skill level 1 in Summonings
 38103 | Shoals:2 | Noticed Ilsuiw
 38118 | Shoals:2 | Killed Ilsuiw
 38420 | Shoals:2 | Reached XP level 19. HP: 118/129 MP: 24/27
 38751 | Shoals:2 | Reached skill level 5 in Charms
 39354 | Shoals:2 | Found Boghiurgh's Magic Scroll Emporium.
 39357 | Shoals:2 | Bought a scroll of teleportation for 39 gold pieces
 39357 | Shoals:2 | Bought a scroll of teleportation for 39 gold pieces
 39357 | Shoals:2 | Bought a scroll of teleportation for 39 gold pieces
 39357 | Shoals:2 | Bought a scroll of teleportation for 39 gold pieces
 39481 | Shoals:3 | Reached skill level 10 in Armour
 40053 | Shoals:3 | Found a runed door.
 40531 | Shoals:4 | Entered Level 4 of the Shoals
 41134 | Shoals:4 | Found a sacrificial altar of Ru.
 42538 | Shoals:4 | Got a barnacled rune of Zot
 42941 | Vaults:1 | Entered Level 1 of the Vaults
 42953 | Vaults:1 | Found Osah's Gadget Shoppe.
 43549 | Vaults:1 | Reached XP level 20. HP: 137/137 MP: 28/28
 43750 | Vaults:1 | Noticed a tentacled monstrosity
 43753 | Vaults:1 | Found a runed gate.
 43754 | Vaults:1 | Found a runed gate.
 43754 | Vaults:1 | Found a runed gate.
 43758 | Vaults:1 | Noticed a tentacled monstrosity
 44352 | Vaults:1 | Killed a tentacled monstrosity
 46894 | Vaults:3 | Reached XP level 21. HP: 58/143 MP: 16/29
 47016 | Vaults:3 | Reached skill level 15 in Stealth
 48825 | Vaults:4 | HP: 7/143 [yaktaur/bolt[a yaktaur captain] (17)]
 49333 | Vaults:4 | Found a magical portal.
 49342 | WizLab   | Entered Wucad Mu's Monastery
 49634 | WizLab   | Found the +9 staff of Wucad Mu {channel}
 50223 | Vaults:3 | Found a staircase to the Crypt.
 50894 | Vaults:4 | Reached XP level 22. HP: 148/148 MP: 31/31
 51251 | Vaults:4 | Found Izyq's Weapon Emporium.
 51671 | Depths:1 | Entered Level 1 of the Depths
 51952 | Depths:1 | Found a gateway to Hell.
 51952 | Depths:1 | Noticed Margery
 51971 | Depths:1 | Killed Margery
 52610 | Depths:1 | Reached skill level 15 in Armour
 52631 | Depths:1 | Found a one-way gate leading to the halls of Pandemonium.
 53155 | Depths:1 | Found a one-way gate to the infinite horrors of the Abyss.
 53375 | Depths:1 | Noticed a golden dragon
 53412 | Depths:1 | Killed a golden dragon
 53434 | Depths:1 | Reached XP level 23. HP: 67/155 MP: 16/32
 53916 | Depths:2 | Reached skill level 15 in Dodging
 53938 | Depths:1 | HP: 7/156 [vampire knight/vampiric draining (24)]
 53943 | Depths:1 | HP: 7/156 [vampire knight/vampiric draining (19)]
 54825 | Depths:2 | Noticed a juggernaut
 54841 | Depths:2 | Killed a juggernaut
 56307 | Depths:3 | Reached skill level 5 in Long Blades
 56600 | Depths:3 | Noticed Jory
 56622 | Depths:3 | Killed Jory
 57778 | Depths:4 | Reached XP level 24. HP: 168/168 MP: 32/32
 58178 | Depths:4 | Noticed a juggernaut
 58230 | Depths:4 | Reached skill level 15 in Fighting
 58677 | Depths:4 | Killed a juggernaut
 58831 | Depths:4 | You fall through a shaft!
 58831 | Depths:5 | Entered Level 5 of the Depths
 58886 | Depths:5 | Noticed a juggernaut
 58920 | Depths:5 | Killed a juggernaut
 59277 | Depths:5 | Found a gateway to a ziggurat.
 59414 | Depths:5 | Found a gate to the Realm of Zot.
 59431 | Depths:5 | Reached skill level 10 in Long Blades
 61197 | Depths:4 | Noticed a golden dragon
 61207 | Depths:4 | Killed a golden dragon
 61687 | Depths:4 | Noticed a caustic shrike
 61769 | Depths:4 | Found Fofioj's Assorted Antiques.
 61803 | Depths:4 | Noticed Mennas
 62218 | Depths:4 | HP: 5/169 [Mennas/+4 trishula of holy wrath (8)]
 62218 | Depths:4 | Mangled by Mennas

Vault maps used:
D:1:      dpeg_arrival_arbitrary_b
D:2:      lemuel_crystal_altar, yredelemnul_forgotten_temple_becter,
          kennysheep_generic_room_16
D:3:      cheibrodos_greedy_goblins, hangedman_ru_absence
D:4:      minmay_temple_entry_waves, uniq_crazy_yiuf_cottage
D:5:      kiku_gazebo_garden_becter, first_ration
D:6:      serial_glass, glass_columns_b, glass_columns_c, serial_shops,
          shop_fountains, roderic_cross_of_infinity, uniq_menkaure, uniq_grinder
D:7:      nicolae_overflow_hidden_temple, gammafunk_ghost_icy
D:8:      grunt_temple_overflow_opulence, erik_lair_orcish_takeover, uniq_grum
D:9:      grunt_temple_overflow_open, uniq_psyche
D:11:     biasface_ghost_orc_armoury, blue_anna_alchemist
D:12:     hiddenorc1_lemuel
D:13:     david_vaults_2, gauntlet_entry_generic
D:14:     old_standard_altar, uniq_agnes, uniq_kirke
D:15:     hangedman_depths_entry_civil_slaughter, serial_ice, serial_ice_b,
          serial_ice_c, serial_ice_k, serial_ice_a, serial_ice_n, serial_ice_f,
          serial_ice_m, serial_ice_e, serial_ice_d, serial_ice_o,
          portal_ice_cave_demonic_guard, lemuel_round_altar,
          minmay_increasing_density
Temple:   cyrus_circular_temple
Lair:1:   lemuel_fruit_tree
Lair:2:   spider_nest_entry_rubble
Lair:3:   serial_bayou_shore_a, lemuel_fruit_fields, grunt_megastairs_3,
          infiniplex_staircase_pool
Lair:4:   elwin_shoals_entry_rocks, grunt_megastairs_2, serial_bayou_shore_b
Lair:5:   ebering_ghost_reflecting_pool, serial_bayou_pond_a, st_stairs_11,
          lemuel_fruit_fields
Lair:6:   minmay_lair_end_frog_pond, slime_altar_1
Shoals:2: serial_shops, nicolae_shop_behind_doors, centaur_isle, uniq_ilsuiw
Shoals:3: ebering_ghost_inner_flame
Shoals:4: shoals_end_grunt_ice, lemuel_oklob_altar
Spider:1: uniq_frances, uniq_nikola
Spider:2: spider_trap, nicolae_spider_webbed_stairs, uniq_arachne
Spider:4: grunt_spider_rune_parallel
Orc:1:    mines2_david
Orc:2:    st_orc_town, uniq_snorg, uniq_azrael, uniq_erolcha
Vaults:1: ploomutoo_gammafunk_vaults_ghost_potion_laboratory,
          nicolae_vaults_gold_heap, v_pattern_4, hangedman_vaults_snaps,
          nicolae_vaults_big_ls, ontoclasm_vaults_fault, ontoclasm_vaults_eye,
          serial_shops, shop
Vaults:2: vaults_mumra_minichess, v_misc_13, vaults_room_semicircle, v_misc_32,
          nicolae_vaults_network_square, grunt_vaults_funnel,
          ontoclasm_vaults_ligature, nicolae_vaults_border_crossing
Vaults:3: grunt_vaults_swirl, v_misc_13, v_misc_18,
          nicolae_vaults_bisected_exclaves, hangedman_vaults_maws,
          ontoclasm_vaults_spin, v_pattern_2, vaults_dpeg_ring,
          vaults_room_semicircle, minmay_crypt_entry_simple_plaza,
          nicolae_vaults_little_squares_4, nicolae_vaults_diagonal_hallway_9,
          vaults_dpeg_spiral
Vaults:4: nicolae_vaults_big_angled_halls, nicolae_vaults_little_squares_4,
          v_misc_18, serial_shops, shop, infiniplex_enter_wizlab_water
Depths:1: kennysheep_cross_bottleneck, grunt_metal_band, grunt_pan_entry_zigzag,
          abyss_entry, st_stairs_6, hangedman_abyss_or_decor_stabs,
          minmay_misc_feat_more_columns, minmay_fractal_squares_gapless_7
Depths:2: minmay_the_grid_triangle_9x9_rhombus_full_mashed,
          grunt_hell_entry_dis_old, chequers_serial_rivers_large_a
Depths:3: mu_elemental_laboratory, serial_bayou_pond_e,
          grunt_pan_entry_in_and_out, hell_entry, bh_walls_and_bars,
          infiniplex_staircase_hallway_doors, uniq_jory
Depths:4: hangedman_cross_cluster, chequers_serial_rivers_micro_e, serial_shops,
          nicolae_shop_overgrown_old_shop, hell_entry, abyss_entry, uniq_mennas
Depths:5: grunt_zot_entry_funnels, enter_ziggurat_b, hell_entry, abyss_entry,
          chequers_serial_rivers_room_a, rand_demon_pan_entry_3
IceCv:    ice_cave_small_giant
WizLab:   wizlab_wucad

Skill      XL: |  1  2  3  4  5  6  7  8  9 10 11 12 13 14 15 16 17 18 19 20 21 22 23 24 |
---------------+-------------------------------------------------------------------------+-----
Fighting       | 2 3 4 5 8 9 10 11 12 14 15 | 15.0
Slings         | 6 7 8 10 11 12 14 | 14.0
Dodging        | 3 5 6 9 10 12 13 14 15 | 15.5
Shields        | 2 4 10 13 15 | 15.0
Stealth        | 5 12 14 15 | 15.0
Evocations     | 2 5 7 10 11 12 13 | 13.0
Charms         | 3 4 5 |  5.0
Air Magic      | 2 3 |  3.0
Spellcasting   | 2 5 |  5.0
Short Blades   | 8 10 12 14 | 14.0
Invocations    | 3 6 8 9 |  9.0
Armour         | 3 7 9 11 13 14 15 | 15.6
Translocations | 2 5 |  5.0
Summonings     | 2 |  2.0
Long Blades    | 6 12 | 12.1

Action                   |  1- 3 |  4- 6 |  7- 9 | 10-12 | 13-15 | 16-18 | 19-21 | 22-24 || total
-------------------------+-------+-------+-------+-------+-------+-------+-------+-------++-------
Melee: Short sword       |    17 |       |       |     6 |       |       |       |       ||    23
       Hunting sling     |       |       |       |     1 |       |       |       |       ||     1
       Dagger            |       |       |       |   270 |  2673 |   953 |       |       ||  3896
       Rapier            |       |       |       |       |       |  1020 |  1829 |  1638 ||  4487
       Demon blade       |       |       |       |       |       |       |       |    73 ||    73
 Fire: Hunting sling     |    83 |   217 |   443 |  1022 |    33 |    61 |       |       ||  1859
       Fustibalus        |       |       |       |       |       |       |    20 |       ||    20
 Cast: Gell's Gravitas   |       |       |       |       |       |     1 |       |       ||     1
       Swiftness         |       |       |       |       |       |       |     1 |     1 ||     2
Invok: Shadow Form       |       |       |       |       |     1 |       |       |       ||     1
 Abil: Stop Flying       |       |       |       |       |       |     1 |     3 |       ||     4
       Evoke Flight      |       |       |       |       |       |     1 |     2 |       ||     3
Evoke: Wand              |       |       |       |     7 |    27 |    13 |    20 |    36 ||   103
       Box of beasts     |       |       |       |       |       |     2 |     1 |     3 ||     6
       Lamp of fire      |       |       |       |       |       |     1 |     1 |     6 ||     8
       Lightning rod     |       |       |       |       |       |       |     1 |     4 ||     5
       Sack of spiders   |       |       |       |       |       |       |       |     3 ||     3
  Use: Scroll            |       |    13 |     7 |    15 |    12 |    14 |    15 |     6 ||    82
       Potion            |       |       |     1 |     2 |     1 |     6 |     4 |     8 ||    22
 Stab: Sleeping          |       |       |       |     4 |    23 |    89 |    41 |    36 ||   193
       Paralysed         |       |       |       |     2 |     4 |       |       |     1 ||     7
       Distracted        |       |       |       |       |    12 |     9 |    17 |    11 ||    49
       Held in net/web   |       |       |       |       |       |     1 |       |       ||     1
  Eat: Chunk             |       |     8 |    10 |    18 |    32 |    28 |    30 |    25 ||   151
       Ration            |       |       |       |     1 |     2 |     4 |     3 |     4 ||    14
Armor: Leather armour    |    14 |    22 |    20 |    30 |       |       |       |       ||    86
       Troll leather arm |       |       |       |    45 |   255 |    84 |       |       ||   384
       Ring mail         |       |       |       |       |       |   328 |   268 |   314 ||   910
Dodge: Dodged            |    29 |    58 |   121 |   607 |  1951 |  1498 |   918 |   997 ||  6179
       Deflected         |       |       |     1 |     5 |       |       |       |       ||     6
Block: Buckler           |       |       |    59 |   287 |   861 |    37 |       |       ||  1244
       Shield            |       |       |       |       |       |  1422 |  1232 |  1119 ||  3773
       Rpst.: Demon blade |       |       |       |       |       |       |       |    11 ||    11

Table legend:
 A = Non-vault XP
 B = Vault XP
 C = Vault XP percentage of total XP
 D = Non-vault monster count
 E = Vault monster count
 F = Vault count percentage of total count
                 A         B        C        D         E       F
            +---------+---------+-------+---------+---------+-------
      Total |  430498 |  286524 |  40.0 |    1171 |     556 |  32.2
            +---------+---------+-------+---------+---------+-------
        D:1 |      51 |       0 |   0.0 |      20 |       0 |   0.0
        D:2 |      32 |      21 |  39.6 |      18 |       4 |  18.2
        D:3 |      90 |      21 |  18.9 |      21 |      11 |  34.4
        D:4 |      27 |      40 |  59.7 |       6 |       1 |  14.3
        D:5 |     452 |       0 |   0.0 |      14 |       0 |   0.0
        D:6 |     994 |     450 |  31.2 |      23 |       2 |   8.0
        D:7 |     543 |    1721 |  76.0 |      16 |      12 |  42.9
        D:8 |    1894 |     910 |  32.5 |      27 |      11 |  28.9
        D:9 |    1921 |     418 |  17.9 |      14 |       1 |   6.7
       D:10 |    2159 |       0 |   0.0 |      27 |       0 |   0.0
       D:11 |    3355 |    1602 |  32.3 |      34 |      10 |  22.7
       D:12 |   10149 |     215 |   2.1 |      52 |      17 |  24.6
       D:13 |    8202 |    2665 |  24.5 |      37 |       3 |   7.5
       D:14 |   10638 |    4444 |  29.5 |      34 |       4 |  10.5
       D:15 |   10956 |    9441 |  46.3 |      26 |      34 |  56.7
     Lair:1 |    3270 |       0 |   0.0 |      18 |       0 |   0.0
     Lair:2 |     973 |    2144 |  68.8 |       5 |      27 |  84.4
     Lair:3 |    5644 |     703 |  11.1 |      28 |       2 |   6.7
     Lair:4 |    4764 |    3887 |  44.9 |      21 |      12 |  36.4
     Lair:5 |    5851 |    2089 |  26.3 |      17 |       5 |  22.7
     Lair:6 |   10854 |   11901 |  52.3 |      43 |      42 |  49.4
   Shoals:1 |   13765 |       0 |   0.0 |      28 |       0 |   0.0
   Shoals:2 |   11938 |    5654 |  32.1 |      26 |      10 |  27.8
   Shoals:3 |   13900 |       0 |   0.0 |      32 |       0 |   0.0
   Shoals:4 |   11693 |   24444 |  67.6 |      26 |      37 |  58.7
   Spider:1 |   19929 |    5630 |  22.0 |      58 |       2 |   3.3
   Spider:2 |   16863 |    3644 |  17.8 |      45 |       1 |   2.2
   Spider:3 |   16422 |       0 |   0.0 |      45 |       0 |   0.0
   Spider:4 |    6096 |   24284 |  79.9 |      15 |      51 |  77.3
      Orc:1 |    3206 |     202 |   5.9 |      34 |       4 |  10.5
      Orc:2 |    2210 |   11808 |  84.2 |      28 |      63 |  69.2
   Vaults:1 |   26729 |   12450 |  31.8 |      71 |      17 |  19.3
   Vaults:2 |   16152 |   19163 |  54.3 |      26 |      25 |  49.0
   Vaults:3 |   29284 |   14207 |  32.7 |      42 |      20 |  32.3
   Vaults:4 |   11150 |    1118 |   9.1 |      21 |       2 |   8.7
   Depths:1 |   27595 |   23311 |  45.8 |      46 |      26 |  36.1
   Depths:2 |   32152 |   31547 |  49.5 |      44 |      25 |  36.2
   Depths:3 |   30743 |    3741 |  10.8 |      33 |       3 |   8.3
   Depths:4 |   32110 |   29930 |  48.2 |      33 |      20 |  37.7
   Depths:5 |   25742 |   23832 |  48.1 |      17 |      16 |  48.5
      IceCv |       0 |    8887 | 100.0 |       0 |      36 | 100.0
            +---------+---------+-------+---------+---------+-------
